 Dungeon Crawl Stone Soup version 0.19-a0-1834-g6b7851e (webtiles) character file.

3315 Alarkh the Poker (level 9, 43/56 HPs)
             Began as a Mummy Necromancer on Oct 9, 2016.
             Was a Priest of Hepliaklqana.
             Safely got out of the dungeon.
             The game lasted 00:19:25 (8975 turns).

Alarkh the Poker (Mummy Necromancer)                Turns: 8975, Time: 00:19:26

Health: 43/56      AC:  8    Str: 12    XL:     9   Next: 71%
Magic:  17/17      EV: 13    Int: 17    God:    Hepliaklqana [***...]
Gold:   93         SH:  0    Dex: 12    Spells: 4 memorised, 9 levels left

rFire  x . .     SeeInvis .     r - +0 trident (curse)
rCold  + . .     Gourm    .     o - +2 animal skin
rNeg   + + +     Faith    .     (no shield)
rPois  ∞         Spirit   .     p - +0 helmet
rElec  .         Dismiss  .     A - +1 cloak {+Inv}
rCorr  +         Reflect  .     (no gloves)
MR     +....     Harm     .     h - +0 pair of boots
Stlth  ++........               (no amulet)
                                D - ring of resist corrosion
                                y - ring of flight

@: no status effects
A: no food or potions, fire vulnerability, reduced essence, cold resistance 1,
negative energy resistance 3, torment resistance, unbreathing
a: Recall Ancestor, Ancestor Identity, Transference, Renounce Religion, Evoke
Invisibility, Evoke Flight


You escaped.
You worshipped Hepliaklqana.
Hepliaklqana was most pleased with you.
You were not hungry.

You visited 2 branches of the dungeon, and saw 8 of its levels.
You also visited: Sewer.

You collected 307 gold pieces.
You spent 214 gold pieces at shops.

Inventory:

Hand Weapons
 c - a +0 dagger
 f - a +0 spear
 k - a +0 quarterstaff
 r - a cursed +0 trident (weapon)
Missiles
 w - a throwing net (quivered)
Armour
 a - a +0 robe
 h - a +0 pair of boots (worn)
 o - a +2 animal skin (worn)
 p - a +0 helmet (worn)
 s - a +1 cloak of poison resistance
 A - a +1 cloak of invisibility (worn)
Magical Staves
 q - an uncursed staff of power
Jewellery
 n - an uncursed amulet of harm
 y - a ring of flight (left hand)
 D - a ring of resist corrosion (right hand)
Wands
 B - a wand of random effects (26/48)
Scrolls
 d - 3 scrolls of fog
 e - a scroll of identify
 g - a scroll of magic mapping
 i - a scroll of noise
 j - 4 scrolls of enchant weapon
 l - a scroll of teleportation
 m - a scroll of random uselessness
 u - 2 scrolls of immolation
 v - a scroll of remove curse
 x - a scroll of fear
 z - 2 scrolls of recharging {unknown}
 C - a scroll of enchant armour {unknown}
Books
 b - a book of Necromancy

   Spells                             Type                      Level
   a - Pain                           Necromancy                   1
   b - Animate Skeleton               Necromancy                   1
   c - Vampiric Draining              Necromancy                   3
   d - Regeneration                   Charms/Necromancy            3
   e - Animate Dead                   Necromancy                   4
   f - Control Undead                 Necromancy                   4
 t - a book of Air

   Spells                             Type                      Level
   a - Shock                          Conjuration/Air              1
   b - Swiftness                      Charms/Air                   2
   c - Repel Missiles                 Charms/Air                   2
   d - Static Discharge               Conjuration/Air              3
   e - Lightning Bolt                 Conjuration/Air              5


   Skills:
 - Level 3.0 Fighting
 + Level 7.9 Polearms
 - Level 2.2 Armour
 - Level 3.2 Dodging
 - Level 1.5 Stealth
 - Level 5.6 Spellcasting
 - Level 7.1 Necromancy


You had 9 spell levels left.
You knew the following spells:

 Your Spells              Type           Power        Failure   Level  Hunger
a - Vampiric Draining     Necr           ####......   1%          3    N/A
b - Pain                  Necr           ####         1%          1    N/A
c - Control Undead        Necr           ####......   10%         4    N/A
d - Repel Missiles        Chrm/Air       #.....       24%         2    N/A

Dungeon Overview and Level Annotations

Branches:
Dungeon (7/15)             Temple (1/1) D:5

Altars:
Ashenzari
Cheibriados
Dithmenos
Fedhas
Hepliaklqana
Kikubaaqudgha
Makhleb
Nemelex Xobeh
Okawaru
Qazlal
Ru
Sif Muna
Trog
Uskayaw
Vehumet
Xom
Yredelemnul
Zin
The Shining One

Shops:
D:6 ?   D:7 [

Annotations:
D:7 Shenda's ghost, novice FoFi


Innate Abilities, Weirdness & Mutations

You do not eat or drink.
Your flesh is vulnerable to fire.
You are immune to poison.
Your flesh is cold resistant. (rC+)
You are immune to negative energy. (rN+++)
You are immune to unholy pain and torment.
You can survive without breathing.
Your life essence is reduced. (-10% HP)


Message History

Items here: ( ))) 3 stones; an uncursed club; a hunting sling; a club
There is an open door here.
There is a stone staircase leading up here.
You climb upwards.
There is a stone staircase leading down here.
You see here a spear.
Your magical contamination has completely faded away.
There is a stone staircase leading up here.
You climb upwards.
There is a stone staircase leading down here.
There is a stone staircase leading up here.
You climb upwards.
There is a stone staircase leading down here.
There is an open door here.
A rat comes into view.
You can't go up here!
There is a staircase leading out of the dungeon here.
Are you sure you want to leave the Dungeon?
This will make you lose the game!
You have escaped!

.##..#...#.#.#.#.#.#.#.#...# #
.......##...............#### #
.##..#.#......#..........# ##
.##..#.##.......#.......## #.
..#..#.#.....#....#......# #.
..#..#.##...r.......#...## #.
#....#.#....#.#.#.#...#..# #.
.....#.##.........%.....########.
...>...#...#..#.@.#..#...##......
....#####...............###.#####
.......#..#...#.#.#.#....##.#
######.##...#........÷..###.#
#.#......#....#...(.##.#
#.##.......#...%...###.#
#.#..........#......##.#
#.##........)......###.#
#...#.#.#.#.#.#.#.#....#


You could see a rat.

Vanquished Creatures
  An orc warrior (D:7)
  A sky beast (D:6)
  3 ogres
  3 centaurs
  3 bullfrogs
  A scorpion (D:5)
  6 wights (D:6)
  A howler monkey (D:6)
  2 crimson imps
  A bullfrog zombie (D:7)
  2 bullfrog skeletons
  A jelly (D:5)
  An orc priest (D:6)
  Crazy Yiuf (D:4)
  A centaur skeleton (D:4)
  3 hounds
  Jessica (D:3)
  2 iguanas
  4 orc wizards
  4 worker ants
  A hound skeleton (D:5)
  6 gnolls
  A river rat (Sewer)
  7 adders
  2 oozes
  2 adder skeletons
  3 worms (D:2)
  2 dart slugs (D:1)
  6 leopard geckos
  12 orcs
  10 bats
  4 giant cockroaches
  15 goblins
  13 hobgoblins
  9 jackals
  3 quokkas
  5 frilled lizards
  5 kobolds
  A leopard gecko skeleton (D:4)
  16 rats
165 creatures vanquished.

Vanquished Creatures (collateral kills)
  Grinder (D:4)
  A hungry ghost (D:6)
  An orc warrior (D:6)
  2 necrophages
  An ogre (D:6)
  2 big kobolds
  A gnoll sergeant (D:7)
  A wight (D:6)
  A crimson imp (D:5)
  2 hounds
  A centaur skeleton (D:7)
  2 orc wizards
  A worker ant (D:4)
  A killer bee zombie (D:5)
  A hound zombie (D:6)
  Robin (D:4)
  A gnoll (D:7)
  2 adders
  A shadow imp (D:6)
  A worm (D:5)
  4 orcs
  A giant cockroach (D:4)
  A jackal (D:4)
  A quokka (D:5)
  A jackal skeleton (D:4)
  2 kobolds
  A leopard gecko skeleton (D:7)
  2 rats (D:4)
38 creatures vanquished.

Vanquished Creatures (others)
  4 hexers
  2 ancestors
  A plant (D:7)
7 creatures vanquished.

Grand Total: 210 creatures vanquished

Notes
Turn   | Place    | Note
-------+----------+-------------------------------------------
     0 | D:1      | Alarkh the Mummy Necromancer began the quest for the Orb.
     0 | D:1      | Reached XP level 1. HP: 13/13 MP: 3/3
   241 | D:1      | Reached XP level 2. HP: 19/19 MP: 0/5
   996 | D:1      | Reached XP level 3. HP: 24/24 MP: 0/7
  1559 | D:2      | Reached XP level 4. HP: 30/30 MP: 3/8
  1572 | D:2      | Learned a level 3 spell: Vampiric Draining
  1577 | D:2      | Learned a level 4 spell: Control Undead
  1657 | D:2      | Reached skill level 5 in Necromancy
  2034 | D:2      | Noticed a moth of wrath
  2037 | D:2      | Found a bloodstained altar of Trog.
  2276 | D:3      | Noticed Jessica
  2282 | D:3      | Killed Jessica
  2282 | D:3      | Reached XP level 5. HP: 35/35 MP: 4/10
  2493 | D:3      | Found a burning altar of Makhleb.
  2823 | D:3      | Noticed a centaur
  2834 | D:3      | Killed a centaur
  3185 | D:3      | Found a bloodstained altar of Trog.
  3189 | D:3      | Found a radiant altar of Vehumet.
  3194 | D:3      | Found a hazy altar of Hepliaklqana.
  3202 | D:3      | Became a worshipper of Hepliaklqana the Forgotten
  3522 | D:3      | Reached XP level 6. HP: 33/36 MP: 7/12
  3756 | D:4      | Noticed Robin
  4061 | D:4      | Killed Robin
  4242 | D:4      | Found a glowing drain.
  4251 | Sewer    | Entered a sewer
  4345 | Sewer    | Found a glowing silver altar of Zin.
  4450 | D:4      | Reached skill level 5 in Spellcasting
  4460 | D:4      | Reached XP level 7. HP: 19/41 MP: 14/14
  4643 | D:4      | Found a runed door.
  4692 | D:4      | Reached * piety under Hepliaklqana
  4845 | D:4      | Noticed Grinder
  4849 | D:4      | Paralysed by Grinder for 7 turns
  4872 | D:4      | Paralysed by Grinder for 7 turns
  4879 | D:4      | Killed Grinder
  5180 | D:4      | Found a shattered altar of Ashenzari.
  5256 | D:4      | Reached skill level 1 in Fighting
  5344 | D:4      | Noticed Crazy Yiuf
  5400 | D:4      | Killed Crazy Yiuf
  5519 | D:5      | Entered Level 5 of the Dungeon
  5528 | D:5      | Reached skill level 1 in Armour
  5824 | D:5      | Reached ** piety under Hepliaklqana
  5828 | D:5      | Found a staircase to the Ecumenical Temple.
  5838 | D:5      | Reached XP level 8. HP: 40/50 MP: 16/16
  5856 | D:5      | Learned a level 2 spell: Repel Missiles
  5941 | Temple   | Entered the Ecumenical Temple
  6411 | D:5      | Remembered your ancestor Nammahani as a hexer
  6486 | D:5      | Reached skill level 1 in Polearms
  6910 | D:6      | Reached XP level 9. HP: 32/56 MP: 8/17
  7102 | D:6      | Found Imatis's Magic Scroll Boutique.
  7216 | D:6      | Reached skill level 5 in Polearms
  7423 | D:6      | Reached *** piety under Hepliaklqana
  7424 | D:6      | Found a deep blue altar of Sif Muna.
  7526 | D:7      | Found Daudilep's Armour Shoppe.
  7529 | D:7      | Bought a +1 cloak of invisibility for 214 gold pieces
  7894 | D:7      | Noticed Shenda's ghost (novice FoFi)
  8975 | D:$      | Safely got out of the dungeon.

Vault maps used:
D:1:      co_arrival_square_in_a_square_in_a_square, serial_bayou_pond_d
D:2:      first_bread, tgw_trog
D:3:      old_standard_altar, minmay_overflow_temple_star_quad, uniq_jessica
D:4:      lemuel_coloured_pillars_altar, portal_sewer_entry_b,
          uniq_crazy_yiuf_cottage, uniq_grinder, uniq_robin
D:6:      old_standard_altar, serial_shops, shop, st_stairs_13
D:7:      kennysheep_housing_project, serial_shops, kennysheep_mini,
          grunt_ogre_cave
Temple:   nicolae_temple_god_jail
Sewer:    sewer_kobolds

Skill      XL: |  1  2  3  4  5  6  7  8  9 |
---------------+----------------------------+-----
Spellcasting   | 3 4 5 |  5.6
Necromancy     | 5 6 7 |  7.1
Fighting       | 2 3 |  3.0
Dodging        | 2 3 |  3.2
Armour         | 1 2 |  2.2
Polearms       | 4 7 |  7.9
Stealth        | |  1.5

Action                   |  1- 3 |  4- 6 |  7- 9 || total
-------------------------+-------+-------+-------++-------
Melee: Unarmed           |    10 |       |       ||    10
       Dagger            |    18 |       |       ||    18
       Spear             |    17 |     5 |       ||    22
       Quarterstaff      |       |    37 |    20 ||    57
       Trident           |       |       |   392 ||   392
 Cast: Pain              |    66 |   137 |    29 ||   232
       Vampiric Draining |       |       |    24 ||    24
       Repel Missiles    |       |       |     1 ||     1
Invok: Recall Ancestor   |       |     1 |     4 ||     5
       Ancestor Identity |       |     1 |       ||     1
       Ancestor Life: He |       |       |     1 ||     1
       Transference      |       |       |     1 ||     1
 Abil: Evoke Invisibilit |       |       |     1 ||     1
  Use: Scroll            |       |     5 |     5 ||    10
 Stab: Sleeping          |     1 |     2 |     1 ||     4
       Distracted        |       |       |     7 ||     7
       Confused          |       |       |     4 ||     4
Armor: Robe              |    12 |    13 |       ||    25
       Animal skin       |       |    12 |   116 ||   128
Dodge: Dodged            |    45 |    74 |   228 ||   347
       Deflected         |       |       |     2 ||     2
